 Dungeon Crawl Stone Soup version 0.30-a0-234-g97d66968fd (webtiles) character file.

Game seed: 16143906679790243331

10077 qw the Cleaver (level 11, -9/68 HPs)
             Began as a Gargoyle Fighter on Oct 9, 2022.
             Was a High Priest of Okawaru.
             Engulfed by a cloud of flame (19 damage)
             ... on level 9 of the Dungeon.
             The game lasted 00:03:35 (8966 turns).

qw the Cleaver (Gargoyle Fighter)                   Turns: 8966, Time: 00:03:35

Health: -9/68      AC: 15    Str: 24    XL:     11   Next: 56%
Magic:  17/17      EV: 10    Int:  9    God:    Okawaru [*****.]
Gold:   637        SH: 10    Dex:  9    Spells: 10/10 levels left

rFire   . . .      SeeInvis .    Y - +3 war axe (elec)
rCold   . . .      Faith    .    o - +0 kite shield
rNeg    + . .      Spirit   .    (no body armour)
rPois   inf        Reflect  .    g - +2 hat
rElec   +          Harm     .    r - +0 cloak
rCorr   .          Rampage  .    (no gloves)
Will    +....                    (no boots)
Stlth   +.........               (no amulet)
HPRegen 0.31/turn                q - +4 ring of protection
MPRegen 0.15/turn                e - ring of willpower

@: no status effects
A: sickness immunity, AC +8, negative energy resistance 1, electricity
resistance, torment resistance 1, petrification resistance
a: Renounce Religion, Heroism, Finesse, Duel


You were on level 9 of the Dungeon.
You worshipped Okawaru.
Okawaru was extremely pleased with you.
You visited 2 branches of the dungeon, and saw 10 of its levels.

You collected 637 gold pieces.


Innate Abilities, Weirdness & Mutations

You are immune to sickness and miasma.
Your stone body is resilient. (AC +8)
You are immune to poison.
You resist negative energy. (rN+)
You are resistant to electric shocks. (rElec)
You are resistant to unholy torment.
You are immune to petrification.


   Skills:
 - Level 8.0 Fighting
 + Level 10.6 Axes
 - Level 2.2 Throwing
 - Level 6.0 Armour
 - Level 1.2 Dodging
 - Level 9.1 Shields
 + Level 8.3 Invocations


You had 10 spell levels left.
You didn't know any spells.
Your spell library was empty.

Inventory:

Hand Weapons
 n - a +0 flail
 Y - a +3 war axe of electrocution (weapon)
Missiles
 f - 8 boomerangs (quivered)
Armour
 c - a +4 plate armour
 g - a +2 hat (worn)
 h - a +0 plate armour
 o - a +0 kite shield (worn)
 r - a +0 cloak (worn)
Jewellery
 e - a ring of willpower (right hand)
 q - a +4 ring of protection (left hand)
Scrolls
 a - 2 scrolls of identify
 b - 4 scrolls of teleportation
Potions
 d - 4 potions of might
 i - 3 potions of heal wounds
 j - 5 potions of curing
 k - a potion of resistance
 l - 2 potions of haste
 m - a potion of cancellation
 p - a potion of attraction
 s - a potion of lignification {unknown}
 u - a potion of flight {unknown}

Dungeon Overview and Level Annotations

Branches:
Dungeon (9/15)             Temple (1/1) D:5            Lair (0/5) D:9
    Orc (0/2) D:9

Altars:
Ashenzari
Dithmenos
Elyvilon
Fedhas
Gozag
Makhleb
Nemelex Xobeh
Okawaru
Qazlal
Ru
Sif Muna
Trog
Uskayaw
Vehumet
Wu Jian
Xom
Yredelemnul
Zin
The Shining One


Message History

The wight hits you but does no damage.
You hit the wight but do no damage. Lightning courses through the wight!
You destroy the wight!
Okawaru accepts your kill.
You start resting.
HP restored.
Items here: )) [[.
Items here: )) [[.
Things that are here:
a +4 dagger; a +0 robe
There is an open door here.
You open the door.
There is an open door here.
Things that are here:
a +0 short sword; a +0 dagger; a +0 robe You open the door.
There is an open door here.
Found a falchion.
Enter note:
Enter note:
Enter note:
Found a dagger.
Found a hand axe.
You're in a travel-excluded area, stopping explore.
You're in a travel-excluded area, stopping explore.
8958 ||| UPGRADING to +4 plate armour.
You start removing your armour.
You continue taking off your +0 plate armour. x4
You finish taking off your +0 plate armour.
You start putting on your armour.
You continue putting on your +4 plate armour.
You are engulfed in blazing flames.
Keep equipping yourself?
You continue putting on your +4 plate armour.
You are engulfed in blazing flames.
You continue putting on your +4 plate armour.
You are engulfed in blazing flames.
You continue putting on your +4 plate armour.
You are engulfed in blazing flames.
You die...

#)# #..#
###.#+#...... #.#
#..# #+++#
#.#.......... #.#
##.# #....
#.#.......... #.#
#.# #...#
#.#.......?.. #.#
#.####)..#
#.#.#........ #.#
#.# 0....#
#.#.......### #.#
#.# #)..#
#...........# #.#
###
#.0¤####...........#
#.#
#.0@¤¤¤#.....##.....
#.#
#.0¤####.....#...##.
#.# #######.)0#
#.....#...... #.#
#..#¤.....#
#.....+...... #.#
#..####..0#
#.....#...... #.#
#..#
#..0####..#####.....
#.# #..#
#..00..#))).........
#.###..#
#..0####............
#......####...#
#............


There were no monsters in sight!

Vanquished Creatures
  Erica (D:9)
  3 two-headed ogres
  Pikel (D:6)
  Joseph (D:7)
  A kobold demonologist (D:9)
  2 trolls (D:9)
  A hornet (D:9)
  Grinder (D:5)
  2 steam dragons
  2 water moccasins
  5 ice beasts
  2 sky beasts
  7 orc warriors
  4 black bears
  6 ogres
  3 wolves (D:9)
  3 centaurs
  A phantom (D:6)
  A lemure (D:6)
  2 kobold brigands
  A gnoll sergeant (D:9)
  A bullfrog (D:6)
  A necrophage (D:5)
  2 scorpions
  5 wights
  3 electric eels (D:9)
  13 killer bees
  A howler monkey (D:6)
  2 gnoll boudas
  4 orc priests
  6 hounds
  4 jellies
  Ijyb (D:5)
  8 iguanas
  8 orc wizards
  14 gnolls
  11 adders
  A white imp (D:7)
  A worm (D:3)
  A dart slug (D:2)
  32 orcs
  7 ball pythons
  5 bats
  12 endoplasms
  4 giant cockroaches
  6 goblins
  6 hobgoblins
  2 jackals (D:3)
  2 quokkas
  4 frilled lizards
  3 gnoll zombies (D:7)
  15 kobolds
  11 rats
246 creatures vanquished.

Vanquished Creatures (others)
  An orc priest (D:9)
  An orc wizard (D:9)
  An orc (D:9)
3 creatures vanquished.

Grand Total: 249 creatures vanquished

Notes
Turn   | Place    | Note
-------+----------+-------------------------------------------
     0 | D:1      | qw the Gargoyle Fighter began the quest for the Orb.
     0 | D:1      | Reached XP level 1. HP: 14/14 MP: 1/1
     0 | D:1      | 0 ||| qw: Version: 0.2-a-17-g06abaee
     0 | D:1      | 0 ||| qw: Game counter: 2333
     0 | D:1      | 0 ||| qw: Always use a shield: true
     0 | D:1      | 0 ||| qw: God list: Okawaru
     0 | D:1      | 0 ||| qw: Allow faded altars: false
     0 | D:1      | 0 ||| qw: Do Orc after D:15 true
     0 | D:1      | 0 ||| qw: Do second Lair branch before Depths: true
     0 | D:1      | 0 ||| qw: Lair rune preference: random
     0 | D:1      | 0 ||| qw: Plans: Normal, Zot:1-4, God:TSO, Crypt, Tomb,
                  | Pan, Slime:5, Hells, Abyss, Orb
     0 | D:1      | 0 ||| PLANNING D:1-11
    47 | D:1      | Reached skill level 2 in Axes
   131 | D:1      | Reached XP level 2. HP: 17/19 MP: 2/2
   503 | D:1      | Reached skill level 3 in Axes
   561 | D:1      | 561 ||| Stepping ~*~*~tactically~*~*~ (stealth).
   568 | D:1      | Reached XP level 3. HP: 23/23 MP: 3/3
   923 | D:1      | 923 ||| UPGRADING to +0 plate armour.
   933 | D:1      | 933 ||| DROPPING +0 scale mail.
   934 | D:1      | 934 ||| READING scroll labelled FANOUM MUHEBB.
   935 | D:1      | 935 ||| READING scroll labelled FUHUESCHEVEI.
   939 | D:1      | 939 ||| READING scroll labelled CUAJ XAEMOSM.
   940 | D:1      | 940 ||| DRINKING 2 inky potions.
   955 | D:2      | 955 ||| STAIRDANCE
   963 | D:2      | 963 ||| STAIRDANCE
  1036 | D:2      | 1036 ||| Stepping ~*~*~tactically~*~*~ (hiding).
  1277 | D:2      | Reached XP level 4. HP: 28/28 MP: 4/4
  1336 | D:2      | Reached skill level 4 in Axes
  1998 | D:2      | 1998 ||| UPGRADING to +2 hat.
  2003 | D:2      | 2003 ||| READING scroll labelled BIMISTR CUBREWAYN.
  2004 | D:2      | 2004 ||| READING scroll labelled MUNEPS AQED.
  2064 | D:3      | 2064 ||| READING scroll of brand weapon.
  2064 | D:3      | 2064 ||| BRANDING +0 war axe of venom.
  2096 | D:3      | Found a faded altar of an unknown god.
  2182 | D:3      | 2182 ||| FLEEEEING.
  2183 | D:3      | 2183 ||| FLEEEEING.
  2184 | D:3      | 2184 ||| FLEEEEING.
  2196 | D:3      | Reached XP level 5. HP: 25/32 MP: 5/5
  2265 | D:3      | 2265 ||| DRINKING 2 potions of curing.
  2265 | D:3      | 2265 ||| (to cure confusion)
  2267 | D:3      | Reached skill level 5 in Axes
  2327 | D:3      | 2327 ||| DROPPING +0 mace.
  2508 | D:3      | 2508 ||| Stepping ~*~*~tactically~*~*~ (stealth).
  2819 | D:3      | 2819 ||| READING 2 scrolls labelled QYQUNI LE POME.
  2820 | D:3      | 2820 ||| READING scroll labelled AFERUU FUBAO.
  2821 | D:3      | 2821 ||| READING scroll labelled XUVVAD VEHO.
  2822 | D:3      | 2822 ||| READING scroll labelled IMMI COOGYST.
  2823 | D:3      | 2823 ||| DROPPING scroll of amnesia.
  2934 | D:4      | 2934 ||| READING scroll of enchant weapon.
  2934 | D:4      | 2934 ||| ENCHANTING +1 war axe of electrocution.
  2984 | D:4      | Reached XP level 6. HP: 38/38 MP: 6/6
  3000 | D:4      | Noticed a black bear
  3001 | D:4      | 3001 ||| Stepping ~*~*~tactically~*~*~ (stealth).
  3005 | D:4      | Killed a black bear
  3219 | D:4      | Reached skill level 6 in Axes
  3221 | D:4      | Noticed an ice beast
  3238 | D:4      | Killed an ice beast
  3239 | D:4      | Reached XP level 7. HP: 15/43 MP: 7/7
  3473 | D:4      | 3473 ||| UPGRADING to +0 cloak.
  3478 | D:4      | 3478 ||| UPGRADING to +4 ring of protection.
  3479 | D:4      | 3479 ||| READING 2 scrolls of identify.
  3479 | D:4      | 3479 ||| IDENTIFYING lumpy sapphire potion
  3480 | D:4      | 3480 ||| DROPPING potion of invisibility.
  3515 | D:5      | Entered Level 5 of the Dungeon
  3517 | D:5      | Found a staircase to the Ecumenical Temple.
  3518 | D:5      | 3518 ||| PLANNING TEMPLE
  3524 | D:5      | 3524 ||| FLEEEEING.
  3525 | D:5      | 3525 ||| FLEEEEING.
  3526 | D:5      | 3526 ||| FLEEEEING.
  3527 | D:5      | 3527 ||| FLEEEEING.
  3528 | D:5      | 3528 ||| FLEEEEING.
  3529 | D:5      | 3529 ||| FLEEEEING.
  3530 | D:5      | 3530 ||| FLEEEEING.
  3531 | D:5      | 3531 ||| FLEEEEING.
  3532 | D:5      | 3532 ||| STAIRDANCE
  3539 | D:5      | 3539 ||| STAIRDANCE
  3554 | Temple   | Entered the Ecumenical Temple
  3641 | Temple   | 3641 ||| PLANNING OKAWARU WORSHIP
  3825 | Temple   | Became a worshipper of Warmaster Okawaru
  3826 | Temple   | 3826 ||| PLANNING D:1-11
  3863 | D:5      | Reached skill level 7 in Axes
  3968 | D:5      | Reached skill level 1 in Throwing
  3968 | D:5      | Noticed Ijyb
  3977 | D:5      | Paralysed by Ijyb for 4 turns
  3989 | D:5      | Paralysed by Ijyb for 5 turns
  3996 | D:5      | Killed Ijyb
  4007 | D:5      | Reached * piety under Okawaru
  4008 | D:5      | Reached XP level 8. HP: 49/49 MP: 8/8
  4014 | D:5      | Reached skill level 1 in Dodging
  4014 | D:5      | Reached skill level 1 in Invocations
  4107 | D:5      | 4107 ||| READING scroll of enchant weapon.
  4107 | D:5      | 4107 ||| ENCHANTING +2 war axe of electrocution.
  4261 | D:5      | 4261 ||| INVOKING Heroism.
  4294 | D:5      | 4294 ||| INVOKING Heroism.
  4343 | D:5      | 4343 ||| Stepping ~*~*~tactically~*~*~ (hiding).
  4350 | D:5      | 4350 ||| Stepping ~*~*~tactically~*~*~ (hiding).
  4357 | D:5      | Noticed Grinder
  4358 | D:5      | 4358 ||| INVOKING Heroism.
  4364 | D:5      | Reached skill level 3 in Invocations
  4366 | D:5      | Killed Grinder
  4705 | D:5      | 4705 ||| UPGRADING to ring of willpower.
  4706 | D:5      | 4706 ||| DRINKING 2 fuming yellow potions.
  4707 | D:5      | 4707 ||| DRINKING 2 bubbling red potions.
  4708 | D:5      | 4708 ||| DROPPING potion of degeneration.
  4746 | D:6      | 4746 ||| INVOKING Heroism.
  4747 | D:6      | 4747 ||| STAIRDANCE
  4764 | D:6      | 4764 ||| INVOKING Heroism.
  4768 | D:6      | 4768 ||| Stepping ~*~*~tactically~*~*~ (stealth).
  4770 | D:6      | 4770 ||| STAIRDANCE
  4783 | D:6      | 4783 ||| STAIRDANCE
  4801 | D:6      | 4801 ||| INVOKING Heroism.
  4802 | D:6      | 4802 ||| STAIRDANCE
  4809 | D:5      | Reached skill level 8 in Axes
  4924 | D:6      | Noticed Pikel
  4925 | D:6      | 4925 ||| INVOKING Heroism.
  4935 | D:6      | Killed Pikel
  4935 | D:6      | Reached ** piety under Okawaru
  4936 | D:6      | Reached XP level 9. HP: 57/57 MP: 10/12
  4945 | D:6      | 4945 ||| Stepping ~*~*~tactically~*~*~ (stealth).
  4947 | D:6      | 4947 ||| Stepping ~*~*~tactically~*~*~ (stealth).
  4950 | D:6      | 4950 ||| Stepping ~*~*~tactically~*~*~ (stealth).
  4951 | D:6      | 4951 ||| Stepping ~*~*~tactically~*~*~ (stealth).
  4952 | D:6      | 4952 ||| Stepping ~*~*~tactically~*~*~ (stealth).
  4995 | D:6      | 4995 ||| Stepping ~*~*~tactically~*~*~ (hiding).
  4996 | D:6      | 4996 ||| Stepping ~*~*~tactically~*~*~ (hiding).
  4997 | D:6      | 4997 ||| Stepping ~*~*~tactically~*~*~ (hiding).
  4998 | D:6      | 4998 ||| Stepping ~*~*~tactically~*~*~ (hiding).
  5000 | D:6      | 5000 ||| Stepping ~*~*~tactically~*~*~ (hiding).
  5001 | D:6      | 5001 ||| Stepping ~*~*~tactically~*~*~ (hiding).
  5002 | D:6      | 5002 ||| Stepping ~*~*~tactically~*~*~ (hiding).
  5003 | D:6      | 5003 ||| Stepping ~*~*~tactically~*~*~ (hiding).
  5004 | D:6      | 5004 ||| Stepping ~*~*~tactically~*~*~ (hiding).
  5005 | D:6      | 5005 ||| Stepping ~*~*~tactically~*~*~ (hiding).
  5006 | D:6      | 5006 ||| Stepping ~*~*~tactically~*~*~ (hiding).
  5008 | D:6      | 5008 ||| Stepping ~*~*~tactically~*~*~ (hiding).
  5009 | D:6      | 5009 ||| Stepping ~*~*~tactically~*~*~ (hiding).
  5011 | D:6      | 5011 ||| INVOKING Heroism.
  5259 | D:6      | 5259 ||| Stepping ~*~*~tactically~*~*~ (hiding).
  5260 | D:6      | 5260 ||| Stepping ~*~*~tactically~*~*~ (hiding).
  5261 | D:6      | 5261 ||| INVOKING Heroism.
  5374 | D:6      | 5374 ||| INVOKING Heroism.
  5406 | D:6      | 5406 ||| INVOKING Heroism.
  5570 | D:6      | 5570 ||| INVOKING Heroism.
  5578 | D:6      | Reached skill level 9 in Axes
  5710 | D:6      | 5710 ||| READING 2 scrolls labelled VYXZAQ VUGHESE.
  5711 | D:6      | 5711 ||| READING scroll labelled HICAHU WU KEA.
  5712 | D:6      | 5712 ||| READING 2 scrolls of identify.
  5712 | D:6      | 5712 ||| IDENTIFYING pink potion
  5713 | D:6      | 5713 ||| DROPPING scroll of poison.
  5979 | D:7      | 5979 ||| PLANNING OSSUARY
  5992 | D:7      | 5992 ||| INVOKING Heroism.
  6095 | D:7      | 6095 ||| Stepping ~*~*~tactically~*~*~ (stealth).
  6096 | D:7      | 6096 ||| INVOKING Heroism.
  6100 | D:7      | 6100 ||| Stepping ~*~*~tactically~*~*~ (hiding).
  6268 | D:7      | 6268 ||| Stepping ~*~*~tactically~*~*~ (stealth).
  6285 | D:7      | 6285 ||| Stepping ~*~*~tactically~*~*~ (stealth).
  6286 | D:7      | 6286 ||| INVOKING Heroism.
  6315 | D:7      | 6315 ||| Stepping ~*~*~tactically~*~*~ (stealth).
  6317 | D:7      | 6317 ||| Stepping ~*~*~tactically~*~*~ (stealth).
  6325 | D:7      | Reached skill level 6 in Armour
  6334 | D:7      | 6334 ||| INVOKING Heroism.
  6377 | D:7      | 6377 ||| INVOKING Heroism.
  6384 | D:7      | Reached XP level 10. HP: 63/63 MP: 10/13
  6434 | D:7      | 6434 ||| Stepping ~*~*~tactically~*~*~ (hiding).
  6438 | D:7      | 6438 ||| Stepping ~*~*~tactically~*~*~ (stealth).
  6598 | D:7      | 6598 ||| RIP OSSUARY
  6606 | D:7      | 6606 ||| PLANNING D:1-11
  6606 | D:7      | 6606 ||| Stepping ~*~*~tactically~*~*~ (cloud).
  6611 | D:7      | 6611 ||| INVOKING Heroism.
  6613 | D:7      | Reached *** piety under Okawaru
  6653 | D:7      | 6653 ||| Stepping ~*~*~tactically~*~*~ (stealth).
  6669 | D:7      | Found an ornate altar of the Wu Jian Council.
  6673 | D:7      | Found a broken altar of Ashenzari.
  6863 | D:7      | Noticed Joseph
  6872 | D:7      | Killed Joseph
  6873 | D:7      | Reached skill level 10 in Axes
  6918 | D:7      | 6918 ||| UPGRADING to +0 kite shield.
  6928 | D:7      | 6928 ||| DROPPING +0 buckler.
  6929 | D:7      | 6929 ||| READING 2 scrolls of identify.
  6929 | D:7      | 6929 ||| IDENTIFYING fizzy black potion
  6992 | D:8      | Noticed a two-headed ogre
  6993 | D:8      | 6993 ||| INVOKING Heroism.
  6999 | D:8      | Killed a two-headed ogre
  7046 | D:8      | Noticed a two-headed ogre
  7047 | D:8      | 7047 ||| INVOKING Heroism.
  7049 | D:8      | 7049 ||| Stepping ~*~*~tactically~*~*~ (stealth).
  7054 | D:8      | Killed a two-headed ogre
  7054 | D:8      | Reached **** piety under Okawaru
  7213 | D:8      | 7213 ||| READING scroll labelled YWIAPU MAT OLI.
  7214 | D:8      | 7214 ||| READING scroll labelled KABOYB HIRE.
  7218 | D:7      | Found a shadowy altar of Dithmenos.
  7218 | D:7      | Found a stormy altar of Qazlal.
  7313 | D:8      | 7313 ||| Stepping ~*~*~tactically~*~*~ (hiding).
  7460 | D:8      | 7460 ||| Stepping ~*~*~tactically~*~*~ (stealth).
  7462 | D:8      | 7462 ||| INVOKING Heroism.
  7604 | D:8      | 7604 ||| DRINKING 2 white potions.
  7605 | D:8      | 7605 ||| DROPPING potion of brilliance.
  7609 | D:9      | 7609 ||| Stepping ~*~*~tactically~*~*~ (stealth).
  7614 | D:9      | 7614 ||| INVOKING Heroism.
  7642 | D:9      | Noticed a kobold demonologist
  7648 | D:9      | 7648 ||| INVOKING Heroism.
  7653 | D:9      | Reached skill level 6 in Invocations
  7653 | D:9      | Reached XP level 11. HP: 52/67 MP: 12/15
  7690 | D:9      | Noticed a two-headed ogre
  7691 | D:9      | 7691 ||| Stepping ~*~*~tactically~*~*~ (stealth).
  7695 | D:9      | 7695 ||| INVOKING Heroism.
  7706 | D:9      | Killed a two-headed ogre
  7706 | D:9      | Reached ***** piety under Okawaru
  7707 | D:9      | Reached skill level 9 in Shields
  7754 | D:9      | 7754 ||| INVOKING Heroism.
  7860 | D:9      | Found a staircase to the Lair.
  7889 | D:9      | 7889 ||| Stepping ~*~*~tactically~*~*~ (stealth).
  7891 | D:9      | 7891 ||| Stepping ~*~*~tactically~*~*~ (stealth).
  7913 | D:9      | 7913 ||| Stepping ~*~*~tactically~*~*~ (stealth).
  8004 | D:9      | 8004 ||| INVOKING Heroism.
  8044 | D:9      | 8044 ||| INVOKING Heroism.
  8280 | D:9      | Noticed Erica
  8281 | D:9      | 8281 ||| Stepping ~*~*~tactically~*~*~ (hiding).
  8283 | D:9      | 8283 ||| Stepping ~*~*~tactically~*~*~ (hiding).
  8284 | D:9      | 8284 ||| Stepping ~*~*~tactically~*~*~ (hiding).
  8286 | D:9      | 8286 ||| INVOKING Heroism.
  8294 | D:9      | Killed Erica
  8294 | D:9      | Received a gift from Okawaru
  8359 | D:9      | 8359 ||| Stepping ~*~*~tactically~*~*~ (hiding).
  8364 | D:9      | 8364 ||| INVOKING Heroism.
  8495 | D:9      | Found a staircase to the Orcish Mines.
  8496 | D:9      | 8496 ||| Stepping ~*~*~tactically~*~*~ (hiding).
  8497 | D:9      | 8497 ||| INVOKING Heroism.
  8501 | D:9      | 8501 ||| Stepping ~*~*~tactically~*~*~ (hiding).
  8958 | D:9      | 8958 ||| UPGRADING to +4 plate armour.
  8965 | D:9      | HP: 9/68 [something (20)]
  8966 | D:9      | Engulfed by a cloud of flame

Levels and vault maps discovered:
D:1:      minmay_arrival_diagonal_passages, layout_loops_corners,
          solitary_fountain
D:2:      layout_basic, kennysheep_generic_room_9
D:3:      layout_basic, hellmonk_ecumenical_altar_zigzags
D:4:      layout_rooms, chequers_arboretum, kennysheep_generic_room_5
D:5:      layout_cave_pods, minmay_temple_entry_glass, uniq_grinder, uniq_ijyb
D:6:      minmay_inner_zag, layout_gridville, minivault_22, uniq_pikel
D:7:      layout_loops_cross, nicolae_overflow_hidden_temple, enter_ossuary_3,
          glass_columns_c, feat_on_display, uniq_joseph
D:8:      layout_rooms
D:9:      layout_basic, erik_lair_island,
          kennysheep_orc_monster_closet_entryway, lemuel_flamethrower_hall,
          uniq_erica
Temple:   regret_index_temple_generic_petals

Skill      XL: |  1  2  3  4  5  6  7  8  9 10 11 |
---------------+----------------------------------+-----
Axes           | 2 3 4 5 6 7 8 9 10 | 10.6
Fighting       | 4 5 7 8 |  8.0
Armour         | 4 6 |  6.0
Throwing       | 1 2 |  2.2
Dodging        | 1 |  1.2
Invocations    | 4 6 8 |  8.3
Shields        | 4 8 9 |  9.1

Action                   |  1- 3 |  4- 6 |  7- 9 | 10-12 || total
-------------------------+-------+-------+-------+-------++-------
Melee: War axe           |   115 |   132 |   210 |   209 ||   666
Throw: Boomerang         |       |     9 |    38 |    17 ||    64
       Javelin           |       |       |    32 |    10 ||    42
Invok: Heroism           |       |       |    17 |    13 ||    30
  Use: Scroll            |     3 |     8 |     5 |     3 ||    19
       Potion            |     1 |     1 |     2 |     1 ||     5
Armor: Scale mail        |    36 |       |       |       ||    36
       Plate armour      |    19 |   103 |   103 |   169 ||   394
Dodge: Dodged            |    38 |    29 |    53 |    70 ||   190
Block: Buckler           |    13 |    26 |    37 |     2 ||    78
       Kite shield       |       |       |       |   127 ||   127

Table legend:
 A = Non-vault XP
 B = Vault XP
 C = Vault XP percentage of total XP
 D = Non-vault monster count
 E = Vault monster count
 F = Vault count percentage of total count
                 A         B        C        D         E       F
            +---------+---------+-------+---------+---------+-------
      Total |    9656 |    4741 |  32.9 |     201 |      44 |  18.0
            +---------+---------+-------+---------+---------+-------
        D:1 |      59 |       0 |   0.0 |      31 |       0 |   0.0
        D:2 |      83 |       1 |   1.2 |      21 |       1 |   4.5
        D:3 |     147 |       0 |   0.0 |      23 |       0 |   0.0
        D:4 |     510 |       4 |   0.8 |      13 |       2 |  13.3
        D:5 |    1072 |     296 |  21.6 |      22 |       2 |   8.3
        D:6 |    1064 |     786 |  42.5 |      20 |       5 |  20.0
        D:7 |    1178 |     476 |  28.8 |      30 |       4 |  11.8
        D:8 |    2435 |       0 |   0.0 |      11 |       0 |   0.0
        D:9 |    3108 |    3178 |  50.6 |      30 |      30 |  50.0
            +---------+---------+-------+---------+---------+-------
